[ AOE2 MATCH · #481007351 ]
Team RMPortuguese vs Byzantines
[ REPLAY ANALYSIS · EXTRACTED FROM THE RECORDED GAME ]
Feudal
10:27
Castle
14:39
Imperial
—
| APM avg | 37.6 |
| APM peak | 68 |
| eAPM avg | 13.8 |
| Villagers / military | 27 / 6 |
Focus
⚔️ 35.6% · 🌾 64.4%
Organ Gun ×4 · Battering Ram ×2
Feudal
8:52
Castle
—
Imperial
—
| APM avg | 26.9 |
| APM peak | 66 |
| eAPM avg | 12.3 |
| Villagers / military | 32 / 0 |
Focus
⚔️ 15.9% · 🌾 84.1%
Feudal
10:35
Castle
16:51
Imperial
—
| APM avg | 26.3 |
| APM peak | 60 |
| eAPM avg | 10.2 |
| Villagers / military | 36 / 0 |
Focus
⚔️ 15.3% · 🌾 84.7%
Feudal
9:40
Castle
—
Imperial
—
| APM avg | 26.1 |
| APM peak | 68 |
| eAPM avg | 12.7 |
| Villagers / military | 35 / 2 |
Focus
⚔️ 25.5% · 🌾 74.5%
Militia ×2
Match map
Initial resources + every placement click. Lines = walls · curves = elevation contours. ◆ gold · ⬟ stone · ● berries · ✦ relic · ◌ wall gap
Your base· Open — opponent sealed themselves in
[VEP] Lepra's base· ✓ Closed at 15:33 · 41t walls · 1 gate(s)
Freiberg47's base· ✓ Closed at 16:51 · 17t walls · no gate
[VEP] Assamita18's base· ✓ Closed at 16:22 · 40t walls · no gate
Smoothed initial terrain · ◌ = detected wall gap · hover for details
Inputs per minute
— Gyrdalf - - [VEP] Lepra
Build order — Gyrdalf
61 actions detected in the replay
| 0:01 | Create | Villager (Male) ×4 |
| 0:02 | Build | House |
| 0:03 | Build | House |
| 1:36 | Create | Villager (Male) |
| 1:44 | Build | Lumber Camp |
| 1:56 | Create | Villager (Male) |
| 1:57 | Create | Villager (Male) |
| 2:37 | Create | Villager (Male) |
| 3:06 | Build | House |
| 3:17 | Create | Villager (Male) |
| 3:17 | Create | Villager (Male) |
| 3:17 | Create | Villager (Male) |
| 3:22 | Build | House |
| 4:04 | Create | Villager (Male) |
| 4:05 | Create | Villager (Male) |
| 4:05 | Create | Villager (Male) |
| 4:05 | Create | Villager (Male) |
| 5:18 | Create | Villager (Male) |
| 5:39 | Create | Villager (Male) |
| 5:51 | Research | Loom |
| 5:52 | Create | Villager (Male) |
| 5:52 | Create | Villager (Male) |
| 6:15 | Build | House |
| 6:17 | Build | House |
| 6:32 | Build | Mill |
| 6:56 | Create | Villager (Male) |
| 6:56 | Create | Villager (Male) |
| 6:57 | Create | Villager (Male) |
| 7:05 | Build | Palisade Wall |
| 8:01 | Build | Palisade Wall |
| 8:01 | Build | Palisade Wall |
| 8:12 | Build | Palisade Wall |
| 8:17 | Research | Feudal Age |
| 8:20 | Build | Mining Camp |
| 9:28 | Create | Villager (Male) |
| 9:28 | Create | Villager (Male) |
| 9:52 | Build | Farm |
| 9:54 | Build | Farm |
| 10:07 | Build | Farm |
| 10:27 | Age | Feudal Age |
| 10:33 | Build | Market |
| 10:49 | Build | Blacksmith |
| 11:18 | Create | Villager (Male) |
| 11:59 | Research | Castle Age |
| 11:59 | Research | Castle Age |
| 12:11 | Build | Mining Camp |
| 12:43 | Research | Double-Bit Axe |
| 14:39 | Age | Castle Age |
| 14:42 | Build | Siege Workshop |
| 14:56 | Build | Castle |
| 15:05 | Build | Castle |
| 15:28 | Create | Battering Ram |
| 16:12 | Create | Villager (Male) |
| 16:13 | Build | House |
| 16:16 | Build | House |
| 16:23 | Create | Battering Ram |
| 16:27 | Create | Organ Gun |
| 16:58 | Create | Organ Gun |
| 17:22 | Create | Organ Gun |
| 17:36 | Create | Villager (Male) |
| 17:38 | Create | Organ Gun |
Build order — [VEP] Lepra
80 actions detected in the replay
| 0:01 | Create | Villager (Male) |
| 0:01 | Create | Villager (Male) |
| 0:01 | Create | Villager (Male) |
| 0:01 | Create | Villager (Male) |
| 0:03 | Build | House |
| 0:05 | Build | House |
| 1:24 | Create | Villager (Male) |
| 1:24 | Create | Villager (Male) |
| 2:04 | Create | Villager (Male) |
| 2:17 | Build | Lumber Camp |
| 2:22 | Create | Villager (Male) |
| 2:22 | Create | Villager (Male) |
| 2:41 | Create | Villager (Male) |
| 2:41 | Create | Villager (Male) |
| 3:09 | Build | House |
| 3:35 | Create | Villager (Male) |
| 3:35 | Create | Villager (Male) |
| 4:32 | Create | Villager (Male) |
| 4:32 | Create | Villager (Male) |
| 4:51 | Build | Mill |
| 5:27 | Create | Villager (Male) |
| 5:48 | Research | Loom |
| 6:07 | Create | Villager (Male) |
| 6:38 | Research | Feudal Age |
| 7:11 | Create | Villager (Male) |
| 7:17 | Build | House |
| 7:22 | Build | Palisade Wall |
| 7:59 | Build | House |
| 8:12 | Build | Palisade Wall |
| 8:14 | Build | Palisade Wall |
| 8:16 | Build | House |
| 8:52 | Age | Feudal Age |
| 8:54 | Create | Villager (Male) |
| 9:00 | Build | Blacksmith |
| 9:06 | Build | House |
| 9:15 | Create | Villager (Male) |
| 9:32 | Build | Market |
| 9:44 | Research | Double-Bit Axe |
| 9:54 | Create | Villager (Male) |
| 10:01 | Build | Farm |
| 10:06 | Build | House |
| 10:08 | Build | House |
| 10:25 | Build | Farm |
| 10:44 | Create | Villager (Male) |
| 10:44 | Create | Villager (Male) |
| 10:47 | Build | Farm |
| 10:51 | Build | Farm |
| 11:00 | Build | House |
| 11:07 | Build | Farm |
| 11:26 | Build | Farm |
| 11:37 | Build | Mining Camp |
| 11:42 | Create | Villager (Male) |
| 11:42 | Create | Villager (Male) |
| 11:54 | Build | Farm |
| 12:21 | Create | Villager (Male) |
| 12:26 | Build | Farm |
| 12:29 | Build | Farm |
| 12:32 | Create | Villager (Male) |
| 12:41 | Build | Farm |
| 12:55 | Create | Villager (Male) |
| 13:30 | Build | House |
| 13:31 | Build | House |
| 13:33 | Create | Villager (Male) |
| 13:42 | Build | Mining Camp |
| 14:00 | Create | Villager (Male) |
| 14:06 | Build | House |
| 14:08 | Build | House |
| 14:12 | Create | Villager (Male) |
| 14:34 | Create | Villager (Male) |
| 15:06 | Build | Stone Wall |
| 15:17 | Build | Stone Wall |
| 15:28 | Build | Palisade Gate |
| 15:33 | Research | Castle Age |
| 15:36 | Build | House |
| 15:40 | Build | House |
| 15:49 | Build | Mining Camp |
| 15:59 | Research | Gold Mining |
| 16:03 | Research | Stone Mining |
| 16:06 | Research | Horse Collar |
| 16:39 | Build | Stone Wall |
Build order — Freiberg47
61 actions detected in the replay
| 0:01 | Create | Villager (Male) |
| 0:03 | Build | House |
| 0:04 | Build | House |
| 0:10 | Create | Villager (Male) ×3 |
| 1:28 | Create | Villager (Male) |
| 1:29 | Create | Villager (Male) |
| 1:49 | Build | Lumber Camp |
| 2:13 | Create | Villager (Male) |
| 2:13 | Create | Villager (Male) |
| 2:27 | Create | Villager (Male) |
| 2:27 | Create | Villager (Male) |
| 2:56 | Create | Villager (Male) |
| 2:56 | Create | Villager (Male) |
| 2:57 | Create | Villager (Male) |
| 3:21 | Build | House |
| 3:23 | Create | Villager (Male) ×2 |
| 3:23 | Create | Villager (Male) ×2 |
| 3:58 | Create | Villager (Male) |
| 4:26 | Create | Villager (Male) |
| 4:47 | Build | Mill |
| 5:00 | Create | Villager (Male) |
| 5:01 | Create | Villager (Male) |
| 5:27 | Create | Villager (Male) |
| 5:28 | Create | Villager (Male) |
| 5:49 | Build | House |
| 5:51 | Create | Villager (Male) |
| 6:46 | Create | Villager (Male) |
| 6:47 | Create | Villager (Male) |
| 7:09 | Build | House |
| 7:24 | Create | Villager (Male) |
| 7:24 | Research | Loom |
| 7:42 | Build | House |
| 7:48 | Build | House |
| 7:51 | Build | House |
| 8:25 | Research | Feudal Age |
| 8:42 | Build | Mining Camp |
| 10:10 | Create | Villager (Male) |
| 10:35 | Age | Feudal Age |
| 10:47 | Build | House |
| 10:59 | Build | Stone Wall |
| 11:02 | Build | Stone Wall |
| 11:05 | Build | Stone Wall |
| 11:15 | Build | Stone Wall |
| 11:24 | Create | Villager (Male) |
| 11:37 | Create | Villager (Male) |
| 11:46 | Create | Villager (Male) |
| 11:48 | Build | Market |
| 12:15 | Build | Farm |
| 12:31 | Build | Stone Wall |
| 12:38 | Create | Villager (Male) |
| 12:55 | Create | Villager (Male) |
| 13:03 | Build | Farm |
| 13:37 | Build | Farm |
| 14:11 | Research | Castle Age |
| 14:42 | Build | Mining Camp |
| 15:34 | Create | Villager (Male) |
| 15:47 | Build | Lumber Camp |
| 16:51 | Age | Castle Age |
| 17:03 | Create | Villager (Male) |
| 17:05 | Build | Farm |
| 17:33 | Create | Villager (Male) |
Build order — [VEP] Assamita18
68 actions detected in the replay
| 0:01 | Create | Villager (Male) |
| 0:01 | Create | Villager (Male) |
| 0:02 | Build | House |
| 0:02 | Create | Villager (Male) |
| 0:03 | Create | Villager (Male) |
| 0:04 | Build | House |
| 1:18 | Create | Villager (Male) |
| 1:45 | Build | Lumber Camp |
| 1:57 | Create | Villager (Male) |
| 2:24 | Create | Villager (Male) |
| 2:24 | Create | Villager (Male) |
| 2:28 | Build | House |
| 2:42 | Create | Villager (Male) |
| 3:05 | Create | Villager (Male) |
| 3:43 | Create | Villager (Male) |
| 4:01 | Create | Villager (Male) |
| 4:28 | Create | Villager (Male) |
| 4:28 | Create | Villager (Male) |
| 4:45 | Build | Mill |
| 4:53 | Research | Loom |
| 5:02 | Create | Villager (Male) |
| 5:02 | Create | Villager (Male) |
| 5:28 | Create | Villager (Male) |
| 6:25 | Create | Villager (Male) |
| 7:30 | Research | Feudal Age |
| 7:50 | Build | Barracks |
| 8:08 | Build | House |
| 8:29 | Create | Militia |
| 8:29 | Create | Militia |
| 8:52 | Build | House |
| 8:55 | Build | Palisade Wall |
| 9:32 | Create | Villager (Male) |
| 9:40 | Age | Feudal Age |
| 9:49 | Build | Watch Tower |
| 10:00 | Create | Villager (Male) |
| 10:01 | Create | Villager (Male) |
| 10:07 | Research | Double-Bit Axe |
| 10:34 | Build | Mill |
| 10:44 | Build | Palisade Wall |
| 10:46 | Build | Palisade Wall |
| 10:48 | Build | Palisade Wall |
| 10:55 | Create | Villager (Male) |
| 11:20 | Create | Villager (Male) |
| 11:25 | Build | Mining Camp |
| 11:27 | Create | Villager (Male) |
| 11:48 | Create | Villager (Male) |
| 11:52 | Build | House |
| 12:34 | Create | Villager (Male) |
| 12:39 | Build | Mining Camp |
| 12:45 | Create | Villager (Male) |
| 13:10 | Create | Villager (Male) |
| 13:20 | Build | Market |
| 13:28 | Create | Villager (Male) |
| 13:41 | Create | Villager (Male) |
| 13:52 | Create | Villager (Male) |
| 13:58 | Build | House |
| 14:09 | Build | Stone Wall |
| 14:11 | Build | Stone Wall |
| 14:15 | Build | Stone Wall |
| 14:22 | Create | Villager (Male) |
| 14:27 | Build | Blacksmith |
| 14:28 | Build | Palisade Wall |
| 14:32 | Create | Villager (Male) |
| 15:30 | Create | Villager (Male) |
| 16:17 | Build | Mining Camp |
| 16:22 | Research | Castle Age |
| 17:24 | Create | Villager (Male) |
| 17:28 | Build | Lumber Camp |
Match timeline
| 7:05 | Gyrdalf · wall_segment Palisade Wall x9 |
| 7:22 | [VEP] Lepra · wall_segment Palisade Wall x12 |
| 7:50 | [VEP] Assamita18 · first_building Barracks |
| 8:01 | Gyrdalf · wall_segment Palisade Wall x1 |
| 8:01 | Gyrdalf · wall_segment Palisade Wall x1 |
| 8:12 | Gyrdalf · wall_segment Palisade Wall x1 |
| 8:12 | [VEP] Lepra · wall_segment Palisade Wall x4 |
| 8:14 | [VEP] Lepra · wall_segment Palisade Wall x4 |
| 8:52 | [VEP] Lepra · age_up feudal |
| 8:55 | [VEP] Assamita18 · wall_segment Palisade Wall x6 |
| 9:40 | [VEP] Assamita18 · age_up feudal |
| 10:27 | Gyrdalf · age_up feudal |
| 10:35 | Freiberg47 · age_up feudal |
| 10:44 | [VEP] Assamita18 · wall_segment Palisade Wall x1 |
| 10:46 | [VEP] Assamita18 · wall_segment Palisade Wall x1 |
| 10:48 | [VEP] Assamita18 · wall_segment Palisade Wall x1 |
| 10:59 | Freiberg47 · wall_segment Stone Wall x5 |
| 11:02 | Freiberg47 · wall_segment Stone Wall x2 |
| 11:05 | Freiberg47 · wall_segment Stone Wall x9 |
| 11:15 | Freiberg47 · wall_segment Stone Wall x1 |
| 12:31 | Freiberg47 · wall_segment Stone Wall x1 |
| 13:14 | Freiberg47 · first_market_sell 500 stone |
| 13:17 | Freiberg47 · first_market_buy 100 food |
| 14:09 | [VEP] Assamita18 · wall_segment Stone Wall x8 |
| 14:11 | [VEP] Assamita18 · wall_segment Stone Wall x12 |
| 14:15 | [VEP] Assamita18 · wall_segment Stone Wall x6 |
| 14:28 | [VEP] Assamita18 · wall_segment Palisade Wall x6 |
| 14:39 | Gyrdalf · age_up castle |
| 14:42 | Gyrdalf · first_building Siege Workshop |
| 14:56 | Gyrdalf · first_building Castle |
| 15:06 | [VEP] Lepra · wall_segment Stone Wall x11 |
| 15:17 | [VEP] Lepra · wall_segment Stone Wall x10 |
| 15:31 | [VEP] Lepra · first_market_sell 100 wood |
| 15:34 | [VEP] Assamita18 · first_market_sell 100 stone |
| 15:39 | [VEP] Assamita18 · first_market_buy 100 food |
| 16:39 | [VEP] Lepra · wall_segment Stone Wall x5 |
| 16:51 | Freiberg47 · age_up castle |
| 17:46 | [VEP] Lepra · resign |
[ AI ANALYSIS · 1 CREDIT ]
What really happened in this match?
Wolo.gg analyzes every decision: build order, eco, micro, common mistakes by bracket. Personalized analysis on WhatsApp or Discord in 30 seconds.
Civ guide
Portuguese
Map guide
Glade
Perfil
Jugador #516158